[ AOE2 MATCH · #505712506 ]
UnrankedFranks vs Huns
Player's team · WIN
Rival team · LOSS
[ REPLAY ANALYSIS · EXTRACTED FROM THE RECORDED GAME ]
Feudal
10:59
Castle
19:10
Imperial
—
| APM avg | 42.2 |
| APM peak | 78 |
| eAPM avg | 23.9 |
| Villagers / military | 50 / 37 |
Focus
⚔️ 39.8% · 🌾 60.2%
Fishing Ship ×18 · Knight ×17 · Scorpion ×9 · Monk ×5 · Hulk ×3 · Battering Ram ×3
Feudal
10:56
Castle
22:34
Imperial
—
| APM avg | 43.5 |
| APM peak | 73 |
| eAPM avg | 20.4 |
| Villagers / military | 56 / 99 |
Focus
⚔️ 46.7% · 🌾 53.3%
Archer ×53 · Cavalry Archer ×23 · Spearman ×14 · Militia ×6 · Transport Ship ×2 · Hulk ×1
Match map
Initial resources + every placement click. Lines = walls · curves = elevation contours. ◆ gold · ⬟ stone · ● berries · ✦ relic · ◌ wall gap
Your base· Open — 2t gap
nC_Future's base· Open — unwalled flank
Smoothed initial terrain · ◌ = detected wall gap · hover for details
Inputs per minute
— MatzeAoE - - nC_Future
Build order — MatzeAoE
First 150 of 177 actions detected
| 0:00 | Queue | Villager (Male) |
| 0:01 | Queue | Villager (Male) |
| 0:02 | Build | House |
| 0:04 | Build | House |
| 0:12 | Queue | Villager (Male) |
| 0:13 | Queue | Villager (Male) |
| 1:21 | Queue | Villager (Male) |
| 1:57 | Queue | Villager (Male) |
| 1:57 | Queue | Villager (Male) |
| 1:57 | Queue | Villager (Male) |
| 2:08 | Build | Palisade Wall |
| 2:12 | Build | Palisade Wall |
| 2:13 | Build | Palisade Wall |
| 2:15 | Build | Palisade Wall |
| 2:17 | Build | Palisade Wall |
| 2:19 | Build | Palisade Wall |
| 2:20 | Build | Palisade Wall |
| 2:26 | Build | Palisade Wall |
| 2:28 | Build | Palisade Wall |
| 2:29 | Build | Palisade Wall |
| 2:30 | Build | Palisade Wall |
| 2:31 | Build | Palisade Wall |
| 2:33 | Research | Loom |
| 2:39 | Queue | Villager (Male) |
| 2:43 | Queue | Villager (Male) |
| 2:43 | Queue | Villager (Male) |
| 3:03 | Queue | Villager (Male) |
| 3:09 | Build | Lumber Camp |
| 3:36 | Build | Palisade Wall |
| 3:41 | Build | Palisade Wall |
| 3:55 | Build | House |
| 4:13 | Queue | Villager (Male) |
| 4:28 | Queue | Villager (Male) |
| 4:42 | Queue | Villager (Male) |
| 4:57 | Build | House |
| 5:06 | Build | Dock |
| 5:19 | Queue | Villager (Male) |
| 5:19 | Queue | Villager (Male) |
| 5:49 | Queue | Villager (Male) |
| 5:50 | Queue | Fishing Ship |
| 6:00 | Queue | Villager (Male) |
| 6:11 | Queue | Villager (Male) |
| 6:21 | Build | House |
| 6:32 | Queue | Villager (Male) |
| 6:47 | Queue | Fishing Ship |
| 7:01 | Queue | Villager (Male) |
| 7:26 | Queue | Fishing Ship |
| 7:26 | Queue | Villager (Male) |
| 7:45 | Build | House |
| 7:48 | Queue | Villager (Male) |
| 8:17 | Queue | Fishing Ship |
| 8:49 | Research | Feudal Age |
| 9:14 | Build | Lumber Camp |
| 9:32 | Queue | Fishing Ship |
| 9:59 | Build | House |
| 10:08 | Build | Dock |
| 10:13 | Queue | Fishing Ship |
| 10:34 | Queue | Fishing Ship |
| 10:35 | Queue | Fishing Ship |
| 10:45 | Queue | Villager (Male) |
| 10:46 | Queue | Villager (Male) |
| 10:52 | Queue | Fishing Ship |
| 10:59 | Age | Feudal Age |
| 11:00 | Queue | Fishing Ship |
| 11:04 | Research | Double-Bit Axe |
| 11:15 | Queue | Fishing Ship |
| 11:19 | Build | Palisade Wall |
| 11:23 | Queue | Villager (Male) |
| 11:26 | Build | House |
| 11:27 | Build | Palisade Wall |
| 11:31 | Build | Palisade Wall |
| 11:32 | Build | Palisade Wall |
| 11:34 | Queue | Villager (Male) |
| 11:48 | Queue | Fishing Ship |
| 11:48 | Queue | Villager (Male) |
| 11:53 | Queue | Fishing Ship |
| 11:53 | Queue | Villager (Male) |
| 11:59 | Queue | Fishing Ship |
| 12:15 | Build | Palisade Wall |
| 12:18 | Build | Palisade Wall |
| 12:20 | Build | Palisade Wall |
| 12:30 | Queue | Villager (Male) |
| 12:31 | Build | Mill |
| 12:48 | Build | Mining Camp |
| 13:27 | Build | Dock |
| 13:56 | Queue | Villager (Male) |
| 14:00 | Build | House |
| 14:02 | Build | House |
| 14:07 | Queue | Fishing Ship |
| 14:08 | Research | Fishing Lines |
| 14:24 | Queue | Fishing Ship |
| 14:24 | Queue | Fishing Ship |
| 14:26 | Queue | Villager (Male) |
| 14:41 | Queue | Fishing Ship |
| 14:43 | Queue | Villager (Male) |
| 15:03 | Research | Town Watch |
| 15:08 | Build | Market |
| 15:24 | Queue | Villager (Male) |
| 15:35 | Queue | Villager (Male) |
| 15:45 | Build | Blacksmith |
| 15:47 | Queue | Villager (Male) |
| 16:30 | Research | Castle Age |
| 16:34 | Build | Barracks |
| 16:54 | Queue | Hulk |
| 16:54 | Queue | Hulk |
| 16:54 | Queue | Hulk |
| 17:01 | Build | Watch Tower |
| 17:14 | Build | Watch Tower |
| 17:17 | Build | Watch Tower |
| 17:28 | Build | House |
| 17:31 | Build | Palisade Wall |
| 17:38 | Build | Gate |
| 18:22 | Build | Stable |
| 18:24 | Research | Scale Barding Armor |
| 18:42 | Build | Stable |
| 19:06 | Queue | Villager (Male) |
| 19:10 | Age | Castle Age |
| 19:10 | Queue | Knight |
| 19:11 | Queue | Knight |
| 19:16 | Research | Chain Barding Armor |
| 19:33 | Queue | Knight |
| 19:37 | Queue | Knight |
| 19:40 | Queue | Villager (Male) |
| 20:03 | Queue | Villager (Male) |
| 20:07 | Queue | Knight |
| 20:23 | Queue | Knight |
| 20:23 | Queue | Knight |
| 20:26 | Queue | Villager (Male) |
| 20:31 | Build | Siege Workshop |
| 20:34 | Build | House |
| 20:39 | Build | House |
| 20:41 | Build | Dock |
| 20:46 | Queue | Knight |
| 20:57 | Queue | Knight |
| 21:14 | Queue | Villager (Male) |
| 21:21 | Queue | Battering Ram |
| 21:24 | Build | Mining Camp |
| 21:31 | Queue | Villager (Male) |
| 21:34 | Build | Monastery |
| 21:48 | Queue | Knight |
| 22:01 | Queue | Knight |
| 22:07 | Queue | Villager (Male) |
| 22:25 | Build | Dock |
| 22:30 | Queue | Knight |
| 22:42 | Queue | Knight |
| 22:42 | Queue | Knight |
| 22:54 | Queue | Monk |
| 23:13 | Queue | Knight |
| 23:16 | Queue | Battering Ram |
| 23:43 | Build | Siege Workshop |
Build order — nC_Future
First 150 of 187 actions detected
| 0:00 | Queue | Villager (Male) |
| 0:01 | Queue | Villager (Male) |
| 0:30 | Queue | Villager (Male) |
| 0:43 | Queue | Villager (Male) |
| 1:01 | Queue | Villager (Male) |
| 1:48 | Research | Loom |
| 2:25 | Queue | Villager (Male) |
| 2:30 | Build | Lumber Camp |
| 2:39 | Queue | Villager (Male) |
| 3:15 | Queue | Villager (Male) |
| 3:28 | Queue | Villager (Male) |
| 3:48 | Queue | Villager (Male) |
| 4:05 | Queue | Villager (Male) |
| 4:20 | Queue | Villager (Male) |
| 4:49 | Queue | Villager (Male) |
| 5:02 | Queue | Villager (Male) |
| 5:10 | Build | Mill |
| 5:15 | Queue | Villager (Male) |
| 5:34 | Queue | Villager (Male) |
| 5:50 | Queue | Villager (Male) |
| 6:18 | Queue | Villager (Male) |
| 6:18 | Queue | Villager (Male) |
| 6:42 | Build | Mill |
| 6:46 | Queue | Villager (Male) |
| 6:53 | Build | Barracks |
| 7:00 | Queue | Villager (Male) |
| 7:14 | Queue | Villager (Male) |
| 7:36 | Build | Farm |
| 7:40 | Queue | Villager (Male) |
| 8:24 | Build | Mining Camp |
| 8:46 | Research | Feudal Age |
| 9:11 | Build | Lumber Camp |
| 9:53 | Queue | Militia |
| 9:53 | Queue | Militia |
| 9:53 | Queue | Militia |
| 9:53 | Queue | Militia |
| 9:53 | Queue | Militia |
| 9:53 | Queue | Militia |
| 10:56 | Age | Feudal Age |
| 10:59 | Research | Man-at-Arms (upgrade) |
| 11:00 | Queue | Villager (Male) |
| 11:01 | Research | Double-Bit Axe |
| 11:02 | Queue | Villager (Male) |
| 11:18 | Build | Archery Range |
| 11:19 | Build | Archery Range |
| 11:58 | Queue | Villager (Male) |
| 11:58 | Queue | Villager (Male) |
| 12:08 | Build | Farm |
| 12:08 | Build | Farm |
| 12:14 | Build | Blacksmith |
| 12:18 | Queue | Archer |
| 12:18 | Queue | Archer |
| 12:39 | Build | Farm |
| 12:49 | Queue | Villager (Male) |
| 12:54 | Build | Farm |
| 12:57 | Queue | Archer |
| 12:57 | Queue | Archer |
| 12:57 | Queue | Archer |
| 13:05 | Queue | Archer |
| 13:15 | Queue | Villager (Male) |
| 13:29 | Build | Farm |
| 13:33 | Build | Farm |
| 13:36 | Build | Farm |
| 13:50 | Queue | Archer |
| 13:50 | Queue | Archer |
| 13:50 | Queue | Archer |
| 13:50 | Queue | Archer |
| 13:50 | Queue | Archer |
| 13:58 | Queue | Villager (Male) |
| 14:02 | Queue | Archer |
| 14:07 | Build | Farm |
| 14:24 | Research | Fletching |
| 14:25 | Queue | Archer |
| 14:25 | Queue | Archer |
| 14:25 | Queue | Archer |
| 14:25 | Queue | Archer |
| 14:25 | Queue | Archer |
| 14:26 | Queue | Villager (Male) |
| 14:43 | Queue | Archer |
| 14:43 | Queue | Archer |
| 14:49 | Queue | Villager (Male) |
| 14:52 | Build | Farm |
| 14:53 | Queue | Archer |
| 14:53 | Queue | Archer |
| 14:53 | Queue | Archer |
| 14:53 | Queue | Archer |
| 14:53 | Queue | Archer |
| 15:10 | Queue | Villager (Male) |
| 15:20 | Build | Dock |
| 15:32 | Queue | Archer |
| 15:32 | Queue | Archer |
| 15:32 | Queue | Archer |
| 15:32 | Queue | Archer |
| 15:32 | Queue | Archer |
| 15:35 | Queue | Villager (Male) |
| 15:37 | Queue | Villager (Male) |
| 15:55 | Queue | Spearman ×4 |
| 16:18 | Queue | Transport Ship |
| 16:22 | Queue | Villager (Male) |
| 16:23 | Queue | Archer |
| 16:23 | Queue | Archer |
| 16:23 | Queue | Archer |
| 16:24 | Queue | Archer |
| 16:24 | Queue | Archer |
| 16:33 | Queue | Villager (Male) |
| 16:45 | Queue | Villager (Male) |
| 16:51 | Build | Farm |
| 16:51 | Build | Farm |
| 17:22 | Queue | Archer |
| 17:22 | Queue | Archer |
| 17:23 | Queue | Archer |
| 17:25 | Queue | Villager (Male) |
| 17:25 | Queue | Villager (Male) |
| 17:27 | Build | Farm |
| 17:27 | Build | Farm |
| 17:49 | Queue | Archer |
| 17:49 | Queue | Archer |
| 17:49 | Queue | Archer |
| 17:49 | Queue | Archer |
| 18:09 | Queue | Villager (Male) |
| 18:09 | Queue | Villager (Male) |
| 18:14 | Build | Farm |
| 18:14 | Build | Farm |
| 18:23 | Queue | Hulk |
| 18:26 | Queue | Villager (Male) |
| 18:29 | Build | Lumber Camp |
| 18:58 | Build | Mining Camp |
| 19:04 | Queue | Villager (Male) |
| 19:54 | Research | Castle Age |
| 20:13 | Queue | Spearman ×2 |
| 20:14 | Queue | Archer |
| 20:14 | Queue | Archer |
| 20:14 | Queue | Archer |
| 20:14 | Queue | Archer |
| 20:17 | Build | Archery Range |
| 20:33 | Research | Scale Mail Armor |
| 20:36 | Queue | Spearman |
| 20:58 | Queue | Spearman |
| 21:06 | Queue | Archer |
| 21:06 | Queue | Archer |
| 21:06 | Queue | Archer |
| 21:06 | Queue | Archer |
| 21:07 | Queue | Spearman |
| 21:09 | Queue | Archer |
| 21:09 | Queue | Archer |
| 21:18 | Build | Archery Range |
| 21:18 | Queue | Archer |
| 21:18 | Queue | Archer |
| 21:20 | Queue | Spearman |
| 21:47 | Queue | Spearman |
Match timeline
| 2:08 | MatzeAoE · wall_segment Palisade Wall x1 |
| 2:12 | MatzeAoE · wall_segment Palisade Wall x1 |
| 2:13 | MatzeAoE · wall_segment Palisade Wall x1 |
| 2:15 | MatzeAoE · wall_segment Palisade Wall x1 |
| 2:17 | MatzeAoE · wall_segment Palisade Wall x1 |
| 2:19 | MatzeAoE · wall_segment Palisade Wall x1 |
| 2:20 | MatzeAoE · wall_segment Palisade Wall x1 |
| 2:26 | MatzeAoE · wall_segment Palisade Wall x1 |
| 2:28 | MatzeAoE · wall_segment Palisade Wall x1 |
| 2:29 | MatzeAoE · wall_segment Palisade Wall x1 |
| 2:30 | MatzeAoE · wall_segment Palisade Wall x1 |
| 2:31 | MatzeAoE · wall_segment Palisade Wall x1 |
| 3:36 | MatzeAoE · wall_segment Palisade Wall x1 |
| 3:41 | MatzeAoE · wall_segment Palisade Wall x1 |
| 5:06 | MatzeAoE · first_building Dock |
| 6:53 | nC_Future · first_building Barracks |
| 10:56 | nC_Future · age_up feudal |
| 10:59 | MatzeAoE · age_up feudal |
| 11:18 | nC_Future · first_building Archery Range |
| 11:19 | MatzeAoE · wall_segment Palisade Wall x4 |
| 11:27 | MatzeAoE · wall_segment Palisade Wall x3 |
| 11:31 | MatzeAoE · wall_segment Palisade Wall x2 |
| 11:32 | MatzeAoE · wall_segment Palisade Wall x4 |
| 12:15 | MatzeAoE · wall_segment Palisade Wall x4 |
| 12:18 | MatzeAoE · wall_segment Palisade Wall x3 |
| 12:20 | MatzeAoE · wall_segment Palisade Wall x4 |
| 15:20 | nC_Future · first_building Dock |
| 16:34 | MatzeAoE · first_building Barracks |
| 17:31 | MatzeAoE · wall_segment Palisade Wall x1 |
| 18:22 | MatzeAoE · first_building Stable |
| 18:38 | MatzeAoE · first_market_buy 100 wood |
| 19:10 | MatzeAoE · age_up castle |
| 19:32 | MatzeAoE · first_market_sell 100 food |
| 20:31 | MatzeAoE · first_building Siege Workshop |
| 21:34 | MatzeAoE · first_building Monastery |
| 22:34 | nC_Future · age_up castle |
| 23:08 | nC_Future · wall_segment Palisade Wall x2 |
| 26:55 | nC_Future · first_building Stable |
| 27:08 | nC_Future · resign |
[ AI ANALYSIS · 1 CREDIT ]
What really happened in this match?
Wolo.gg analyzes every decision: build order, eco, micro, common mistakes by bracket. Personalized analysis on WhatsApp or Discord in 30 seconds.
Civ guide
Franks
Perfil
Matze (MatzeAoE)